AoeStats
← [HOBO]Drifter

Lombardia

509697866Analyzed
4v4 RM · 5d ago on Sep 27, 2026· 61m 57s· 8 players
Game mode
Random Map
Map size
Large (8 player)
Population
200
Speed
Normal
Resources
Standard
Victory
Conquest
Starting age
Dark Age
Ending age
Imperial Age
RankedLock teamsTeams togetherTeam positionsShared explorationLock speedFull tech treeHidden civsTurbo modeCheats
Victory
Defeat
🇩🇪 Magyars · Germany
1325
+12
🇩🇪 Mongols · Germany
1281
+14
🇺🇸 Bohemians · United States
1255
+15
🇩🇪 Hindustanis · Germany
1130
+19
🇨🇭 Varangians · Switzerland
1268
-17
🇨🇭 Danes · Switzerland
1255
-16
🇨🇭 Britons · Switzerland
1218
-15
🇨🇭 Italians · Switzerland
1155
-12
M*rpheu$
7:18 Loom
10:09 Feudal Age
12:44 Scale Barding Armor
20:18 Castle Age
18:07 Horse Collar
20:16 Forging
20:01 Gold Mining
20:31 Bloodlines
21:18 Husbandry
20:59 Light Cavalry
23:55 Double-Bit Axe
24:13 Heavy Plow
26:08 Bow Saw
28:22 Caravan
30:01 Wheelbarrow
29:12 Town Watch
30:54 Chain Barding Armor
30:34 Scale Mail Armor
34:31 Iron Casting
35:19 Stone Mining
36:05 Gold Shaft Mining
36:11 Hand Cart
35:57 Town Patrol
40:08 Imperial Age
40:14 Elite Steppe Lancer
42:50 Blast Furnace
42:59 Hussar
53:25 Conscription
54:21 Drill
53:48 Onager
55:08 Siege Onager
60:05 Ballistics
59:51 Siege Engineers
59:42 Murder Holes
Vaccras
8:44 Loom
10:52 Feudal Age
15:07 Castle Age
13:24 Double-Bit Axe
14:54 Horse Collar
22:29 Wheelbarrow
23:12 Bloodlines
25:12 Scale Barding Armor
25:17 Forging
26:17 Heavy Plow
30:36 Imperial Age
28:52 Chain Barding Armor
29:35 Iron Casting
30:11 Bow Saw
30:41 Heavy Camel Rider
32:32 Plate Barding Armor
32:57 Blast Furnace
34:21 Blast Furnace
33:11 Fletching
35:43 Two-Man Saw
34:48 Imperial Camel Rider
35:46 Hand Cart
36:40 Caravan
38:17 Chemistry
37:13 Murder Holes
37:29 Fortified Wall
41:31 Scale Mail Armor
41:27 Bodkin Arrow
41:32 Padded Archer Armor
47:46 Hoardings
47:13 Grand Trunk Road
47:16 Shatagni
CraB
6:04 Loom
9:15 Feudal Age
9:53 Double-Bit Axe
10:11 Horse Collar
15:25 Town Watch
21:26 Castle Age
19:19 Gold Mining
26:10 Heavy Plow
26:21 Bow Saw
26:06 Stone Mining
28:41 Wheelbarrow
33:46 Imperial Age
31:35 Caravan
32:20 Corvinian Army
33:32 Hand Cart
33:12 Fletching
33:28 Padded Archer Armor
33:50 Ballistics
33:59 Bodkin Arrow
35:47 Chemistry
35:15 Parthian Tactics
35:21 Bracer
35:05 Heavy Cavalry Archer
35:51 Thumb Ring
36:09 Recurve Bow
36:30 Conscription
36:33 Husbandry
36:48 Bloodlines
36:46 Light Cavalry
38:12 Scale Barding Armor
40:09 Hussar
41:16 Chain Barding Armor
42:40 Leather Archer Armor
43:01 Plate Barding Armor
44:38 Two-Man Saw
44:09 Crop Rotation
44:17 Gold Shaft Mining
44:33 Coinage
47:00 Ring Archer Armor
46:31 Scale Mail Armor
47:06 Banking
47:02 Masonry
46:34 Treadmill Crane
46:51 Murder Holes
47:43 Town Patrol
49:57 Hoardings
49:34 Siege Engineers
54:54 Cavalier
54:59 Elite Magyar Huszar
56:58 Paladin
59:12 Chain Mail Armor
[HOBO]Drifter
11:56 Feudal Age
15:52 Castle Age
13:42 Double-Bit Axe
13:39 Horse Collar
16:19 Loom
17:47 Bow Saw
25:43 Wheelbarrow
25:58 Heavy Plow
29:21 Hand Cart
28:29 Pikeman
32:29 Imperial Age
31:49 Chemistry
31:27 Scale Mail Armor
33:34 Conscription
33:48 Conscription
35:44 Halberdier
39:48 Houfnice
40:45 Caravan
42:58 Chain Mail Armor
42:53 Forging
44:14 Fletching
47:33 Iron Casting
47:29 Plate Mail Armor
50:58 Blast Furnace
50:59 Two-Man Saw
50:54 Wagenburg Tactics
50:11 Elite Hussite Wagon
56:47 Town Watch
60:30 Siege Engineers
60:35 Masonry
piusdibus
11:11 Loom
12:56 Feudal Age
20:44 Double-Bit Axe
24:30 Castle Age
22:33 Horse Collar
22:54 Fletching
26:01 Bow Saw
26:47 Wheelbarrow
26:20 Heavy Plow
28:29 Town Watch
28:46 Bodkin Arrow
36:13 Gold Mining
36:14 Stone Mining
40:43 Ballistics
40:25 Padded Archer Armor
43:01 Imperial Age
41:21 Yeomen
43:09 Hand Cart
43:53 Leather Archer Armor
43:42 Bracer
44:21 Pikeman
45:02 Squires
45:40 Ring Archer Armor
45:11 Scale Mail Armor
46:42 Halberdier
48:21 Chain Mail Armor
48:17 Forging
48:06 Elite Longbowman
49:45 Conscription
51:16 Chemistry
51:05 Caravan
51:59 Warwolf
53:29 Siege Engineers
59:15 Plate Mail Armor
59:47 Hoardings
dinistro
6:34 Loom
8:57 Feudal Age
9:34 Double-Bit Axe
9:34 Horse Collar
15:44 Wheelbarrow
18:30 Castle Age
17:38 Scale Mail Armor
17:45 Scale Barding Armor
17:51 Forging
20:47 Bow Saw
22:21 Bloodlines
28:31 Chain Barding Armor
29:17 Iron Casting
30:07 Heavy Plow
34:37 Imperial Age
32:57 Husbandry
32:46 Vendel Legacy
34:50 Cavalier
36:06 Plate Barding Armor
36:32 Blast Furnace
36:42 Conscription
40:59 Fortified Wall
41:10 Ballistics
43:39 Fletching
44:59 Light Cavalry
47:57 Caravan
58:03 Pikeman
58:11 Elite Varangian Guard
59:15 Scale Mail Armor
60:51 Squires
60:37 Arson
60:38 Gambesons
61:42 Chain Mail Armor
SaltoNatale
8:53 Loom
10:56 Feudal Age
15:06 Castle Age
20:25 Double-Bit Axe
25:30 Squires
25:30 Stone Mining
27:37 Scale Mail Armor
27:32 Horse Collar
27:45 Gold Mining
30:06 Bow Saw
30:36 Chain Mail Armor
31:53 Wheelbarrow
34:38 Imperial Age
32:11 Fletching
32:34 Forging
33:58 Iron Casting
33:58 Arson
34:37 Fletching
35:35 Gold Shaft Mining
35:43 Conscription
36:21 Plate Mail Armor
36:06 Elite Jomsviking
37:01 Capped Ram
37:28 Hamask
38:42 Heavy Plow
42:03 Blast Furnace
41:14 Siege Engineers
41:30 Ballistics
42:10 Chemistry
42:16 Hand Cart
41:47 Town Watch
45:59 Northmen's Fury
48:21 Bodkin Arrow
49:24 Siege Ram
49:31 Northmen's Fury
50:20 Bracer
50:33 Masonry
52:43 Caravan
59:20 Onager
im-a-train
8:19 Loom
11:01 Feudal Age
15:49 Castle Age
13:47 Double-Bit Axe
14:22 Horse Collar
16:29 Fletching
16:52 Crossbowman
18:01 Gold Mining
27:09 Wheelbarrow
27:36 Bodkin Arrow
29:02 Bow Saw
29:51 Thumb Ring
30:15 Stone Mining
34:52 Imperial Age
32:59 Padded Archer Armor
33:36 Ballistics
35:06 Masonry
35:41 Bracer
35:46 Caravan
37:50 Chemistry
36:29 Arbalester
37:21 Heavy Plow
38:05 Leather Archer Armor
40:00 Hand Cart
40:17 Crop Rotation
40:47 Conscription
40:57 Silk Road
41:19 Architecture
46:17 Coinage
46:27 Coinage
47:00 Ring Archer Armor
47:39 Hoardings
47:52 Elite Skirmisher
48:44 Scale Mail Armor
56:11 Scale Barding Armor
56:16 Forging
57:06 Squires
57:28 Chain Mail Armor
56:59 Pikeman
58:18 Banking
59:01 Two-Man Saw
58:54 Iron Casting
59:21 Plate Mail Armor
Connection lost

Rejoining the realm…

Still unreachable

The connection could not be restored.

Session expired

The server has moved on; the page needs a fresh start.